drae, chaotic female elven Wizard -------- ------ |<|>...---...%| |^|-..[...*...| |.||.```|..%M.| |.||....|.%..@| |.|------.----| |.| |..[[..| |.------.**.[.| |.+....).**.((| |..-----***..%| ---- -------- drae the Thaumaturge Experience level: 8 Strength: 13 Dexterity: 10 Constitution: 16 Intelligence: 20 Wisdom: 13 Charisma: 12 Health: 0(68) Energy: 62(105) Def: 1 Gold: 1039 Moves: 8347 Dungeon seed: PGtL8PXXv6A6BoPT Game ID: drae_1464269085 Your Inventory: Coins $ - 1039 gold pieces Amulets Y - a cursed amulet of strangulation Weapons m - a blessed +1 quarterstaff (weapon in hands) v - 21 uncursed +0 arrows w - an uncursed +0 bow (alternate weapon; not wielded) C - 10 uncursed +0 darts Armor e - an uncursed +0 cloak of magic resistance r - an uncursed +0 pair of gauntlets of dexterity (being worn) Comestibles p - a cursed tin of garter snake meat z - a cursed eucalyptus leaf H - an uncursed slime mold M - an uncursed tripe ration Scrolls j - 2 uncursed scrolls of gold detection k - an uncursed scroll of enchant armor t - 2 blessed scrolls of blank paper K - a cursed scroll of create monster L - 3 cursed scrolls of identify X - a blessed scroll of earth Spellbooks l - a blessed spellbook of force bolt q - an uncursed spellbook of confuse monster y - an uncursed spellbook of wizard lock Potions a - an uncursed potion of object detection h - an uncursed potion of paralysis o - an uncursed potion of confusion s - an uncursed potion of hallucination D - an uncursed potion of monster detection G - a cursed potion of paralysis P - a blessed potion of enlightenment Q - an uncursed potion of see invisible W - an uncursed potion of sleeping Rings c - an uncursed ring of teleportation d - an uncursed ring of searching (on left hand) B - a cursed +1 ring of protection I - an uncursed ring of stealth N - a cursed ring of conflict O - a cursed ring of warning T - a cursed ring of see invisible Wands b - a blessed wand of secret door detection (0:13) i - an uncursed wand of striking (0:3) u - a cursed wand of digging (0:4) x - an uncursed wand of create monster (0:10) F - an uncursed wand of magic missile (0:6) R - an uncursed wand of digging (0:5) Tools f - an uncursed mirror n - an uncursed bugle A - an uncursed blindfold E - an uncursed tin opener S - an uncursed magic whistle U - an uncursed magic marker (0:50) Spells and supernatural/magical abilities: Name Level Category Fail Memory a - force bolt 1 attack 0% 59% u - confuse monster 2 enchantment 0% 59% w - wizard lock 2 matter 29% 94% W - pray for help -- divine ? -- Your skills at the end: Fighting Skills Weapon Skills quarterstaff [Skilled] Spellcasting Skills attack spells [Skilled] enchantment spells [Basic] Final Attributes: You were piously aligned. You were sleep resistant. You were telepathic. You had automatic searching. You had infravision. You were very unlucky. You are dead. Vanquished creatures: 2 ghosts a small mimic 2 large dogs a large cat a tengu a leather golem a quivering blob a giant spider 3 gnome kings 3 yetis a lizard 2 dogs a housecat a jaguar a dwarf lord a blue jelly a soldier ant a wood nymph a mountain nymph 6 Mordor orcs a rock piercer a shrieker 4 gnome lords 2 gnomish wizards a black naga hatchling 3 giant ants 2 little dogs 5 floating eyes a kitten 6 dwarves 2 homunculi a kobold lord a kobold shaman 2 hill orcs 7 rothes a rabid rat a giant bat 2 orc zombies 4 dwarf zombies a wererat 3 iguanas 3 coyotes 2 hobbits 4 manes a large kobold 2 hobgoblins 4 giant rats 2 cave spiders 2 brown molds 2 yellow molds 2 green molds 6 gnomes 17 garter snakes 2 geckos 21 jackals 2 foxes 4 kobolds a goblin 2 sewer rats 12 grid bugs 6 bats 3 lichens 2 kobold zombies 10 newts 195 creatures vanquished. Voluntary challenges: You had been an atheist until turn 2343. You used a wielded weapon 161 times, starting on turn 354. You read items or engraved 6 times, starting on turn 4067. You never genocided any monsters. You never polymorphed an object. You never changed form. You used no wishes. You never split a pudding. You wrote Elbereth's name 1 time, starting on turn 4067. You never violated your personal moral code. Dungeon overview: The Dungeons of Doom: levels 1 to 10 Level 1 a long staircase Level 2 a general store, some fountains stairs to The Gnomish Mines Level 3 an altar to Ptah, a fountain Level 4 a fountain Level 5 Level 6 many fountains Level 7 stairs to Sokoban Level 8 Level 9 some fountains Level 10 The Gnomish Mines: Level 3 stairs to The Dungeons of Doom Sokoban: Level 6 <- You were here stairs to The Dungeons of Doom History has recorded: On T:1 you entered the Dungeons of Doom to retrieve the Amulet of Yendor! On T:152 you reached level 2 of The Dungeons of Doom. On T:702 you reached level 1 of The Gnomish Mines. On T:712 you advanced to experience level 2. On T:808 you advanced to experience level 3. On T:931 you advanced to experience level 4. On T:2040 you reached level 3 of The Dungeons of Doom. On T:2855 you advanced to experience level 5. On T:3548 you reached level 4 of The Dungeons of Doom. On T:3622 you reached level 5 of The Dungeons of Doom. On T:3971 you reached level 6 of The Dungeons of Doom. On T:4437 you reached level 7 of The Dungeons of Doom. On T:4458 you advanced to experience level 6. On T:4619 you reached level 4 of Sokoban. On T:5097 you reached level 8 of The Dungeons of Doom. On T:5338 you reached level 9 of The Dungeons of Doom. On T:5385 you advanced to experience level 7. On T:6151 you reached level 10 of The Dungeons of Doom. On T:7116 you advanced to experience level 8. Score breakdown: Gold: 1039 (10262 points) Experience: 8 levels (14739 points) Exploration: 10 levels ( 20.41%) (12990 points) Discoveries: 8 items ( 2.89%) ( 5098 points) Valuables value: (no points given unless you survive) Artifact value: 0 ( 0 points) Variety of kills: 64 monsters ( 16.80%) (12295 points) Turncount: 8347 turns (-2111 points) Survival: died (score multiplied by 80%) Total score: 42618 Latest messages: You put a scroll labeled PRIRUTSENIE into the chest. You put a scroll labeled TEMOV into the chest. You put 2 scrolls labeled THARR into the chest. You put a scroll labeled ZELGO MER into the chest. Your movements are now unencumbered. X - a scroll labeled ANDOVA BEGARIN. j - an uncursed scroll of gold detection. p - an unlabeled scroll. t - 2 unlabeled scrolls. L - a scroll of identify. (2x) u - an iron wand. $ - 497 gold pieces. There are many more objects here. The spell misses greben's ghost. Greben's ghost touches you! You can move again. The human mummy hits! (2x) You die... Final status: Goodbye drae the Wizard, killed by a human mummy... You died in Sokoban on dungeon level 6 with 42618 points, and 1039 pieces of gold, after 8347 moves. You were level 8 with a maximum of 68 hit points when you died.